 Dungeon Crawl Stone Soup version 0.29.0-13-gc9e81de378 (webtiles) character file.

Game seed: 9726220670671306880

2217 apoch the Ruffian (level 9, 0/85 HPs)
             Began as a Troll Transmuter on Sept 8, 2022.
             Was an Elder of Vehumet.
             Slain by an orc
             ... wielding a +0 dagger
              (1 damage)
             ... on level 6 of the Dungeon.
             The game lasted 00:11:09 (4808 turns).

apoch the Ruffian (Troll Transmuter)                Turns: 4808, Time: 00:11:09

Health: 0/85       AC: 10    Str: 20    XL:     9   Next: 13%
Magic:  13/13      EV: 11    Int: 13    God:    Vehumet [****..]
Gold:   318        SH:  0    Dex: 10    Spells: 10/15 levels left

rFire   . . .      SeeInvis .     - Unarmed
rCold   . . .      Faith    .   (no shield)
rNeg    . . .      Spirit   .   c - +0 robe {Will+}
rPois   +          Reflect  .   f - +2 hat
rElec   .          Harm     .   (no cloak)
rCorr   .          Rampage  .   (gloves unavailable)
Will    +....                   (boots unavailable)
Stlth   +.........              (no amulet)
HPRegen 1.04/turn               h - ring of poison resistance
MPRegen 0.13/turn               j - +4 ring of protection

@: wereblooded
A: large, unfitting armour, claws 3, regeneration 1, shaggy fur 1, tough skin 1
a: Renounce Religion


You were on level 6 of the Dungeon.
You worshipped Vehumet.
Vehumet was greatly pleased with you.
You visited 1 branch of the dungeon, and saw 6 of its levels.
You also visited: Sewer.

You collected 318 gold pieces.

Inventory:

Missiles
 d - 17 poisoned darts
 p - a curare-tipped dart
Armour
 a - a +0 robe
 c - a +0 robe of willpower (worn)
 f - a +2 hat (worn)
Jewellery
 h - a ring of poison resistance (left claw)
 j - a +4 ring of protection (right claw)
 v - a ring of protection from cold
Wands
 x - a wand of paralysis (5)
Scrolls
 g - 3 scrolls of immolation
 q - a scroll of fog {unknown}
 u - a scroll of teleportation
Potions
 b - 4 potions of lignification
 e - 2 potions of heal wounds
 i - 3 potions of brilliance
 k - a potion of curing {unknown}
 l - a potion of haste {unknown}
 m - 2 potions of flight {unknown}
 n - a potion of invisibility {unknown}
 o - 2 potions of cancellation {unknown}
 r - 2 potions of mutation {unknown}
 z - a potion of magic {unknown}


   Skills:
 + Level 4.4 Fighting
 + Level 4.7 Dodging
 + Level 6.2 Unarmed Combat
 + Level 3.5 Spellcasting
 + Level 4.2 Transmutations


You had 10 spell levels left.
You knew the following spells:

 Your Spells              Type           Power      Damage    Failure   Level
a - Beastly Appendage     Tmut           26%        N/A       3%          1
b - Wereblood             Tmut           13%        N/A       6%          2
c - Shock                 Conj/Air       8%         1d3       6%          1
d - Freeze                Ice            8%         1d3       6%          1

Your spell library contained the following spells:

 Spells                   Type           Power      Damage    Failure   Level
 Iskenderun's Mystic Bla  Conj/Tloc      2%         2d3       45%         4
 Frozen Ramparts          Ice            4%         1d1       17%         3
 Spider Form              Tmut/Pois      7%         N/A       26%         3
 Hailstorm                Conj/Ice       2%         3d3       45%         4
 Ice Form                 Ice/Tmut       7%         N/A       65%         4
 Alistair's Intoxication  Tmut/Pois      4%         N/A       94%         5
 Eringya's Noxious Bog    Tmut/Pois      3%         N/A       96%         6
 Borgnjor's Vile Clutch   Necr/Erth      1%         N/A       99%         5
 Borgnjor's Revivificati  Necr           1%         N/A       100%        8
 Necromutation            Tmut/Necr      3%         N/A       100%        8
 Death's Door             Necr           1%         N/A       100%        9


Dungeon Overview and Level Annotations

Branches:
Dungeon (6/15)             Temple (0/1) D:6           Sewer (visited)

Altars:
Cheibriados
Trog
Vehumet

Shops:
D:3 (


Innate Abilities, Weirdness & Mutations

You are too large for most types of armour.
You have claws for hands.
Your natural rate of healing is unusually fast.
You are covered in fur. (AC +1)
You have tough skin. (AC +1)


Message History

The orc warrior freezes you.
* * * LOW HITPOINT WARNING * * *
You hear some strange, mumbled words.
A puff of flame appears from out of thin air!
The puff of flame hits you.
* * * LOW HITPOINT WARNING * * *
The orc closely misses you.
The orc wizard hits you but does no damage.
You closely miss something.
The orc warrior hits you but does no damage.
The orc wizard hits you but does no damage.
Something hits you but does no damage.
The orc priest calls upon Beogh to heal the orc warrior.
The orc barely misses you.
You scratch something but do no damage.
The orc warrior hits you but does no damage.
The orc hits you but does no damage.
The orc wizard mumbles some strange words.
The orc wizard flickers and vanishes!
Something hits you but does no damage.
You claw something!
You feel a bit better. Vehumet accepts your kill.
Vehumet is now extending the range of your destructive spells.
You feel your power returning.
Reactivating autopickup.
You feel a bit more experienced.
The orc warrior hits you with a +0 long sword of freezing.
* * * LOW HITPOINT WARNING * * *
The orc warrior freezes you.
* * * LOW HITPOINT WARNING * * *
Something hits you.
* * * LOW HITPOINT WARNING * * *
Deactivating autopickup; reactivate with Ctrl-A.
The orc closely misses you.
You scratch the orc priest but do no damage.
The orc warrior barely misses you.
The orc priest calls upon Beogh to heal the orc warrior.
The orc warrior is healed somewhat.
Something hits you.
* * * LOW HITPOINT WARNING * * *
The orc hits you with a +0 dagger.
You die...

,,,,*,,,,,,,,,*,,,,,,,,*
,,8**,,,,,.....,,,,,,,,***
****,,,,,,,....,***,,,,*,*
,,,,,,,,,,,,...** ***,,,,**
,,,,,,,,,,,,,..#* *,,,...#
,,,,,,,,,,,,,,..## **.....#*
,,,*,,,,,*****#..# *...$..*
,,,,****,*~~~~#oo## ##....,*##
,,,,****,*~_8~#{@o###...#,*#.#
,,,,,**,,*~,>~#.........#,,..##
,,,,**,,,*~~~~#.........#,,...#
,,,,,**,,*+**##......#..####..#
,,,,,**,,..................#.##
,,,,,,,,,...........#.#.......#
,**,**,,,...........#.#..#....#
****,,,,,...........####.##.<.#
,***,>,,,............,*########


You could see an orc warrior, an orc priest and an orc.

Vanquished Creatures
  Grinder (D:2)
  6 yaks (D:5)
  An ice beast (D:4)
  A black bear (D:4)
  A phantom (D:5)
  A kobold brigand (Sewer)
  Blork the orc (D:4)
  2 necrophages (D:5)
  2 scorpions (D:5)
  3 hounds
  A jelly (D:3)
  2 orc priests
  3 orc wizards
  3 gnolls (D:4)
  7 adders
  An ufetubus (D:4)
  8 worms
  2 dart slugs
  8 orcs
  10 bats
  9 endoplasms
  3 giant cockroaches
  14 goblins
  5 hobgoblins
  4 jackals (D:4)
  4 quokkas
  13 ball pythons
  3 frilled lizards
  15 kobolds
  20 rats
154 creatures vanquished.

Vanquished Creatures (others)
  3 withered plants (D:1)
3 creatures vanquished.

Grand Total: 157 creatures vanquished

Notes
Turn   | Place    | Note
-------+----------+-------------------------------------------
     0 | D:1      | apoch the Troll Transmuter began the quest for the Orb.
     0 | D:1      | Reached XP level 1. HP: 18/18 MP: 1/1
   166 | D:1      | Reached skill level 1 in Fighting
   188 | D:1      | Reached XP level 2. HP: 27/27 MP: 3/3
   709 | D:1      | Found a faded altar of an unknown god.
   722 | D:1      | Prayed at the altar of an unknown god.
   722 | D:1      | Became a worshipper of Vehumet
   722 | D:1      | Reached * piety under Vehumet
   722 | D:1      | Offered knowledge of Shock by Vehumet.
   835 | D:1      | Reached XP level 3. HP: 33/33 MP: 4/4
  1801 | D:2      | Learned a level 2 spell: Wereblood
  1803 | D:2      | Learned a level 1 spell: Shock
  1852 | D:3      | Noticed Grinder
  1857 | D:3      | Reached XP level 4. HP: 39/41 MP: 5/5
  1883 | D:2      | Offered knowledge of Freeze by Vehumet.
  1886 | D:2      | Learned a level 1 spell: Freeze
  1890 | D:2      | Paralysed by Grinder for 5 turns
  1897 | D:2      | Killed Grinder
  1897 | D:2      | Reached ** piety under Vehumet
  1898 | D:2      | Reached skill level 4 in Unarmed Combat
  1898 | D:2      | Reached XP level 5. HP: 32/49 MP: 4/7
  1898 | D:2      | Reached XP level 6. HP: 38/57 MP: 4/8
  2245 | D:3      | Found Teoc's Weapon Emporium.
  2631 | D:4      | Found a glowing drain.
  2638 | D:4      | Noticed an ice beast
  2642 | D:4      | Noticed Blork the orc
  2643 | D:4      | Reached XP level 7. HP: 56/66 MP: 9/9
  2658 | Sewer    | Entered a sewer
  2723 | Sewer    | Offered knowledge of Searing Ray by Vehumet.
  2862 | Sewer    | Reached *** piety under Vehumet
  3016 | D:5      | Entered Level 5 of the Dungeon
  3212 | D:4      | Killed Blork the orc
  3355 | D:4      | Reached skill level 5 in Unarmed Combat
  3370 | D:4      | Offered knowledge of Iskenderun's Mystic Blast by Vehumet.
  3386 | D:4      | Reached XP level 8. HP: 74/75 MP: 11/11
  3512 | D:4      | Found a snail-covered altar of Cheibriados.
  3831 | D:5      | Reached skill level 6 in Unarmed Combat
  3936 | D:5      | Reached XP level 9. HP: 84/84 MP: 13/13
  4404 | D:5      | Noticed a moth of wrath
  4406 | D:5      | Found a bloodstained altar of Trog.
  4807 | D:6      | Reached **** piety under Vehumet
  4807 | D:6      | HP: 1/85 [something (4)]
  4808 | D:6      | Slain by an orc

Illustrated notes

Levels and vault maps discovered:
D:1:      dpeg_arrival_leaves_temple_mockup, layout_loops_corners,
          ebering_ecumenical_altar_petrified
D:2:      layout_loops_ring
D:3:      layout_loops_ring, serial_shops, shop_coins, uniq_grinder
D:4:      layout_rooms, slow_altar_2, cheibrodos_sewer_entry_drain,
          uniq_blork_the_orc
D:5:      layout_basic, tgw_trog
D:6:      layout_cave_pools, general_overflow_altar,
          minmay_temple_entry_drinking_statues, gammafunk_ghost_arena,
          uniq_sigmund

Skill      XL: |  1  2  3  4  5  6  7  8 |
---------------+-------------------------+-----
Fighting       | 1 2 3 4 |  4.4
Dodging        | 2 3 4 |  4.7
Unarmed Combat | 4 5 6 |  6.2
Spellcasting   | 2 3 |  3.5
Transmutations | 2 3 4 |  4.2

Action                   |  1- 3 |  4- 6 |  7- 9 || total
-------------------------+-------+-------+-------++-------
Melee: Unarmed           |   121 |    94 |   289 ||   504
       Punch             |     3 |       |     6 ||     9
       Headbutt          |     1 |     3 |       ||     4
       Kick              |     1 |     2 |       ||     3
Throw: Stone             |    19 |    26 |    46 ||    91
 Cast: Shock             |     1 |     1 |       ||     2
       Beastly Appendage |     1 |       |       ||     1
       Wereblood         |       |       |     4 ||     4
  Use: Scroll            |       |     6 |     4 ||    10
Armor: Robe              |    44 |    68 |   231 ||   343
Dodge: Dodged            |    47 |    86 |   218 ||   351
